 Dungeon Crawl Stone Soup version 0.30.0-30-g96aa6591b8 (webtiles) character file.

Game seed: 6304238368278573168

135 hawla the Firebug (level 5, -1/38 HPs)
             Began as a Meteoran Fire Elementalist on June 27, 2023.
             Slain by a black bear (4 damage)
             ... on level 4 of the Dungeon.
             The game lasted 00:04:59 (839 turns).

hawla the Firebug (Meteoran Fire Elementalist)       Turns: 839, Time: 00:05:01

Health: -1/38      AC:  2    Str: 10    XL:     5   Next: 70%
Magic:  2/11       EV: 12    Int: 18    God:
Gold:   133        SH:  0    Dex: 14    Spells: 4/11 levels left

rFire   . . .        b - +3 lajatang (speed)
rCold   + . .        (shield currently unavailable)
rNeg    . . .        a - +0 robe
rPois   .            (no helmet)
rElec   .            (no cloak)
rCorr   .            (no gloves)
SInv    .            (no boots)
Will    .....        (no amulet)
Stlth   +            e - ring of protection from cold
HPRegen 0.26/turn    (no ring)
MPRegen 0.12/turn

%: no passive effects
@: very slightly contaminated, glowing
A: sense surroundings 1, otherworldly, glowing, explore regen
a: no special abilities


You were on level 4 of the Dungeon.
You visited 1 branch of the dungeon, and saw 4 of its levels.

You collected 133 gold pieces.

Inventory:

Hand Weapons
 b - a +3 lajatang of speed (weapon)
Armour
 a - a +0 robe (worn)
Jewellery
 e - a ring of protection from cold (left hand)
Scrolls
 c - a scroll of enchant armour {unknown}
 g - a scroll of vulnerability
Potions
 d - a potion of might {unknown}


   Skills:
 - Level 2.6 Dodging
 - Level 1.4 Stealth
 - Level 3.5 Spellcasting
 + Level 4.4 Conjurations
 - Level 4.5 Fire Magic


You had 4 spell levels left.
You knew the following spells:

 Your Spells              Type           Power      Damage    Failure   Level
a - Foxfire               Conj/Fire      76%        2x1d7     2%          1
b - Scorch                Fire           38%        2d7       3%          2
c - Flame Wave            Conj/Fire      19%        2d7       24%         4

Your spell library contained the following spells:

 Spells                   Type           Power      Damage    Failure   Level
 Inner Flame              Hex/Fire       11%        N/A       19%         3
 Volatile Blastmotes      Fire/Tloc      22%        2d11      19%         3


Dungeon Overview and Level Annotations

Branches:
Dungeon (4/15) Zot: 1558
 Temple: D:4-7

Altars:

Annotations:
D:2 Robin


Innate Abilities, Weirdness & Mutations

You passively map a small area around you.
You are easily found by Zot.
You glow in the dark.
You regain HP and MP as you explore.


Message History

An orc is nearby!
Casting: Scorch (safe; 3% risk of failure)
Confirm with . or Enter, or press ? or * to list all spells.
You conjure some foxfire!
A black bear comes into view.
Your foxfire dissipates!
The foxfire hits the orc but does no damage.
The orc hits you with a +0 falchion.
You barely miss the orc. The orc hits you with a +0 falchion.
You hit the orc but do no damage. The orc hits you with a +0 falchion.
You barely miss the orc. The orc hits you with a +0 falchion!
You are too injured to fight recklessly!
Casting: Foxfire (safe; 2% risk of failure)
Confirm with . or Enter, or press ? or * to list all spells.
The spell is quite dangerous to miscast (24% risk of failure)!
Continue anyway?
Casting: Flame Wave (quite dangerous; 24% risk of failure)
Press: ? - help, Dir - look around, f - activate You miscast Flame Wave.
You are very lightly contaminated with residual magic.
Nothing appears to happen.
The orc closely misses you.
Unknown command.
Casting: Flame Wave (quite dangerous; 24% risk of failure)
Confirm with . or Enter, or press ? or * to list all spells.
The spell is quite dangerous to miscast (24% risk of failure)!
Continue anyway?
Casting: Flame Wave (quite dangerous; 24% risk of failure)
Press: ? - help, Dir - look around, f - activate A wave of flame ripples out!
The flame wave engulfs the orc!
The orc is almost dead. (Press . to intensify the flame waves.)
You hear an angry hiss.
The orc hits you with a +0 falchion.
* * * LOW HITPOINT WARNING * * *
A wave of flame ripples out!
The flame wave engulfs the black bear!
The black bear is moderately wounded.
The flame wave engulfs the orc but does no damage.
The orc is almost dead.
The black bear bites you.
* * * LOW HITPOINT WARNING * * *
The black bear claws you.
You die...

## * .#, * * * .#, ,
, ,
.#*################
.# #..)...........#
.# #.###.##.#####(#
.###.###.##.#####.###
......[............>#
.###.###.##.....@h..#
.# #.# #.##.#####o..#
.# #.# #.##.# ...#
.###.# #.#### ...#
......, * *...#
###### * *...# ,, ,
...# .##. , * *...#
.... , ,


You could see a black bear and an orc.

Vanquished Creatures
  A scorpion (D:4)
  Natasha (D:2)
  2 adders
  3 orcs (D:3)
  A ball python (D:2)
  2 endoplasms (D:3)
  4 giant cockroaches
  4 goblins (D:2)
  3 hobgoblins
  2 jackals (D:3)
  A kobold (D:1)
  2 quokkas
  4 frilled lizards
  A rat (D:1)
31 creatures vanquished.

Vanquished Creatures (others)
  71 foxfires
71 creatures vanquished.

Grand Total: 102 creatures vanquished

Notes
Turn   | Place    | Note
-------+----------+-------------------------------------------
     0 | D:1      | hawla the Meteoran Fire Elementalist began the quest for
                  | the Orb.
     0 | D:1      | Reached XP level 1. HP: 14/14 MP: 5/5
    76 | D:1      | Reached XP level 2. HP: 20/20 MP: 3/6
   140 | D:2      | Noticed Robin
   209 | D:1      | You fall into a shaft and drop 1 floor!
   209 | D:2      | Found a faded altar of an unknown god.
   213 | D:2      | Learned a level 2 spell: Scorch
   243 | D:2      | Noticed Natasha
   250 | D:2      | Killed Natasha
   251 | D:2      | Reached XP level 3. HP: 26/26 MP: 2/8
   259 | D:2      | Reached XP level 4. HP: 32/33 MP: 3/10
   264 | D:2      | Learned a level 4 spell: Flame Wave
   754 | D:4      | Identified a scroll of acquirement
   756 | D:4      | Acquired a +3 lajatang of speed
   783 | D:4      | Noticed a scorpion
   790 | D:4      | Killed a scorpion
   791 | D:4      | Reached XP level 5. HP: 34/38 MP: 0/11
   832 | D:4      | Noticed a black bear
   839 | D:4      | Slain by a black bear

Illustrated notes

Levels and vault maps discovered:
D:1:      amcnicky_arrival_underground_garden, layout_basic,
          kennysheep_flooded_box
D:2:      layout_basic, serial_glass, glass_columns_a, glass_columns_b,
          shapermc_ecumenical_altar_starsandcircs, minmay_misc_feat_plants,
          uniq_robin, uniq_jessica, uniq_natasha
D:3:      layout_loops_corners, uniq_ijyb
D:4:      layout_basic, portal_sewer_entry_f

Skill      XL: |  1  2  3  4 |
---------------+-------------+-----
Fire Magic     | 4 |  4.5
Spellcasting   | 3 |  3.5
Conjurations   | 4 |  4.4
Dodging        | |  2.6
Stealth        | |  1.4

Action                     |  1- 3 |  4- 6 || total
---------------------------+-------+-------++-------
  Melee: Mace              |     4 |     7 ||    11
         Unarmed           |     1 |       ||     1
         Lajatang          |       |     3 ||     3
   Cast: Foxfire           |    25 |    17 ||    42
         Scorch            |     1 |    17 ||    18
         Flame Wave        |       |     1 ||     1
    Use: Scroll            |       |     5 ||     5
         Potion            |       |     3 ||     3
 Armour: Robe              |     3 |    11 ||    14
  Dodge: Dodged            |     8 |    39 ||    47
